 Dungeon Crawl Stone Soup version 0.30-a0-782-ge64f9170bb (webtiles) character file.

Game seed: 8489637048222820898

2013 Flugkiller the Ogre Mage (level 9, -1/84 HPs)
             Began as an Ogre Fire Elementalist on Feb 27, 2023.
             Was a Believer of Vehumet.
             Slain by a skeletal warrior
             ... wielding a +0 hand axe
              (23 damage)
             ... on level 7 of the Dungeon.
             The game lasted 00:08:23 (8084 turns).

Flugkiller the Ogre Mage (Ogre Fire Elementalist)   Turns: 8084, Time: 00:08:24

Health: -1/84      AC:  4    Str: 14    XL:     9   Next: 22%
Magic:  0/20       EV: 10    Int: 26    God:    Vehumet [**....]
Gold:   318        SH:  0    Dex:  9    Spells: 19/22 levels left

rFire   . . .      SeeInvis .    k - +4 sling
rCold   . . .      Faith    .    (no shield)
rNeg    . . .      Spirit   .    a - +0 robe
rPois   .          Reflect  .    (helmet restricted)
rElec   .          Harm     .    A - +0 cloak
rCorr   .          Rampage  .    (gloves unavailable)
Will    .....                    (boots unavailable)
Stlth   ++                       (no amulet)
HPRegen 0.34/turn                l - +6 ring of intelligence
MPRegen 0.17/turn                (no ring)

@: no status effects
A: large, unfitting armour, tough skin 1
a: Renounce Religion


You were on level 7 of the Dungeon.
You worshipped Vehumet.
Vehumet was pleased with you.
You visited 2 branches of the dungeon, and saw 8 of its levels.

You collected 318 gold pieces.

Inventory:

Hand Weapons
 k - a +4 sling (weapon)
   (You found it on level 1 of the Dungeon)
Missiles
 B - a throwing net
Armour
 a - a +0 robe (worn)
 A - a +0 cloak (worn)
   (You found it on level 6 of the Dungeon)
Jewellery
 l - a +6 ring of intelligence (left hand)
   (You found it on level 2 of the Dungeon)
 E - an amulet of the acrobat
   (You took it off an orc on level 7 of the Dungeon)
Wands
 r - a wand of flame (28)
   (You took it off an orc on level 7 of the Dungeon)
 u - a wand of quicksilver (8)
   (You took it off Natasha on level 3 of the Dungeon)
Scrolls
 c - a scroll of silence
 e - a scroll of fog
 f - 2 scrolls of magic mapping
 g - 4 scrolls of immolation
 m - a scroll of vulnerability {unknown}
 n - a scroll of butterflies {unknown}
 v - 3 scrolls of poison
 w - a scroll of amnesia {unknown}
 x - a scroll of blinking {unknown}
 y - a scroll of torment {unknown}
 D - a scroll of noise {unknown}
Potions
 b - 4 potions of magic
 d - 2 potions of brilliance
 i - 3 potions of flight
 j - a potion of attraction {unknown}
 o - a potion of degeneration {unknown}
 p - a potion of mutation {unknown}
 q - 7 potions of curing
 s - a potion of lignification {unknown}
 z - a potion of invisibility {unknown}
 C - a potion of ambrosia {unknown}


   Skills:
 - Level 4.0 Fighting
 - Level 2.0 Dodging
 - Level 1.6 Stealth
 + Level 7.4 Spellcasting
 + Level 6.0 Conjurations
 + Level 6.5 Fire Magic


You had 19 spell levels left.
You knew the following spells:

 Your Spells              Type           Power      Damage    Failure   Level
a - Foxfire               Conj/Fire      100%       2x1d9     1%          1
b - Scorch                Fire           86%        2d9       1%          2

Your spell library contained the following spells:

 Spells                   Type           Power      Damage    Failure   Level
 Freeze                   Ice            36%        1d5       6%          1
 Inner Flame              Hex/Fire       26%        N/A       4%          3
 Flame Wave               Conj/Fire      42%        2d11      4%          4
 Apportation              Tloc           18%        N/A       6%          1
 Kindle Blastsparks       Fire/Tloc/Air  42%        2d13      8%          3
 Blink                    Tloc           18%        N/A       9%          2
 Frozen Ramparts          Ice            18%        1d3       19%         3
 Tukima's Dance           Hex            9%         N/A       19%         3
 Ice Form                 Ice/Tmut       9%         N/A       52%         4
 Manifold Assault         Tloc           9%         N/A       52%         4
 Passage of Golubria      Tloc           9%         N/A       52%         4
 Summon Ice Beast         Ice/Summ       9%         N/A       52%         4
 Alistair's Intoxication  Tmut/Pois      6%         N/A       86%         5
 Yara's Violent Unravell  Hex/Tmut       4%         3d4       86%         5
 Storm Form               Tmut/Air       4%         N/A       100%        7


Dungeon Overview and Level Annotations

Branches:
Dungeon (7/15) Zot: 26044  Temple (1/1) D:4 Zot: 5823

Altars:
Ashenzari
Cheibriados
Dithmenos
Elyvilon
Gozag
Hepliaklqana
Kikubaaqudgha
Makhleb
Nemelex Xobeh
Okawaru
Qazlal
Ru
Sif Muna
Trog
Uskayaw
Vehumet
Wu Jian
Xom
Yredelemnul
Zin
The Shining One

Shops:
D:1 ?   D:3 :   D:6 *

Annotations:
D:6 1 runed translucent door, ma3's ghost, novice GnTm


Innate Abilities, Weirdness & Mutations

You are too large for most types of armour.
You have tough skin. (AC +1)


Message History

The skeletal warrior is lightly damaged.
Casting: Foxfire (safe; 1% risk of failure)
Confirm with . or Enter, or press ? or * to list all spells.
You conjure some foxfire!
Casting: Foxfire (safe; 1% risk of failure)
Confirm with . or Enter, or press ? or * to list all spells.
You conjure some foxfire!
The foxfire hits the skeletal warrior but does no damage.
Casting: Foxfire (safe; 1% risk of failure)
Confirm with . or Enter, or press ? or * to list all spells.
You conjure some foxfire!
The foxfire hits the skeletal warrior but does no damage. x2
Casting: Foxfire (safe; 1% risk of failure)
Confirm with . or Enter, or press ? or * to list all spells.
You can't see any susceptible monsters within range! (Use Z to cast anyway.)
Casting: Foxfire (safe; 1% risk of failure)
Confirm with . or Enter, or press ? or * to list all spells.
You conjure some foxfire!
The foxfire hits the skeletal warrior but does no damage.
Casting: Foxfire (safe; 1% risk of failure)
Confirm with . or Enter, or press ? or * to list all spells.
You can't see any susceptible monsters within range! (Use Z to cast anyway.)
The foxfire hits the skeletal warrior.
The skeletal warrior is lightly damaged.
The foxfire hits the skeletal warrior.
The skeletal warrior is lightly damaged.
The foxfire hits the skeletal warrior but does no damage.
The skeletal warrior is lightly damaged.
The foxfire hits the skeletal warrior but does no damage.
The skeletal warrior is lightly damaged.
Casting: Foxfire (safe; 1% risk of failure)
Confirm with . or Enter, or press ? or * to list all spells.
Flames lash the skeletal warrior.
The skeletal warrior is lightly damaged.
The skeletal warrior's fire resistance burns away.
Casting: Scorch (safe; 1% risk of failure)
Confirm with . or Enter, or press ? or * to list all spells.
Flames lash the skeletal warrior.
The skeletal warrior is burned terribly!
The skeletal warrior is heavily damaged.
Casting: Scorch (safe; 1% risk of failure)
Confirm with . or Enter, or press ? or * to list all spells.
You conjure some foxfire!
The skeletal warrior closely misses you.
The skeletal warrior hits your foxfire with a +0 hand axe!
The skeletal warrior hits your foxfire with a +0 hand axe.
Casting: Foxfire (safe; 1% risk of failure)
Confirm with . or Enter, or press ? or * to list all spells.
You conjure some foxfire!
The foxfire hits the skeletal warrior.
The skeletal warrior is burned terribly!
The skeletal warrior is heavily damaged.
The foxfire hits the skeletal warrior.
The skeletal warrior is burned terribly!
The skeletal warrior is heavily damaged.
The skeletal warrior hits you with a +0 hand axe.
The skeletal warrior hits your foxfire with a +0 hand axe!
Casting: Foxfire (safe; 1% risk of failure)
Confirm with . or Enter, or press ? or * to list all spells.
Flames lash the skeletal warrior but do no damage.
The foxfire hits the skeletal warrior.
The skeletal warrior is burned terribly!
The skeletal warrior is heavily damaged.
The foxfire hits the skeletal warrior but does no damage.
The skeletal warrior is heavily damaged.
The skeletal warrior hits you with a +0 hand axe!
Casting: Scorch (safe; 1% risk of failure)
Confirm with . or Enter, or press ? or * to list all spells.
Flames lash the skeletal warrior.
The skeletal warrior is burned terribly!
The skeletal warrior is severely damaged.
The skeletal warrior hits you with a +0 hand axe!!
Casting: Scorch (safe; 1% risk of failure)
Confirm with . or Enter, or press ? or * to list all spells.
Flames lash the skeletal warrior but do no damage.
The skeletal warrior hits you with a +0 hand axe!
Casting: Scorch (safe; 1% risk of failure)
Confirm with . or Enter, or press ? or * to list all spells.
Flames lash the skeletal warrior.
The skeletal warrior is burned terribly!
The skeletal warrior is almost destroyed.
The skeletal warrior hits you with a +0 hand axe!
* * * LOW HITPOINT WARNING * * *
Casting: Scorch (safe; 1% risk of failure)
Confirm with . or Enter, or press ? or * to list all spells.
Flames lash the skeletal warrior but do no damage.
The skeletal warrior misses you.
Casting: Scorch (safe; 1% risk of failure)
Confirm with . or Enter, or press ? or * to list all spells.
Flames lash the skeletal warrior.
The skeletal warrior is almost destroyed.
The skeletal warrior hits you with a +0 hand axe.
* * * LOW HITPOINT WARNING * * *
Aiming: Quicksilver Bolt
Press: ? - help, Shift-Dir - straight line, f - skeletal warrior
Aim: a skeletal warrior, wielding a +0 hand axe (almost destroyed, more vulnerable to fire, 71% to hit)
The bolt of dispelling energy hits the skeletal warrior.
The skeletal warrior is almost destroyed.
The skeletal warrior's magical effects unravel!
The skeletal warrior hits you with a +0 hand axe!!
You die...

# #..# #.##............# #
#..# #.##.####.....<.# # #..#
#....# #.####..# ####..#
#..######.####..# .z....#
#...............#
####..##+#####...>.....###...#
#.............####### #...#
#.######.#.....########...#
#.# #....z@............# #.#
###.....########..## #.#
######....#########..# ..#
#.....)#.............# ##
#.##################.# #.# #.#
#.# #.# ##.#### #.#
######>.<..# #.#


You could see a skeletal warrior.

Vanquished Creatures
  A hornet (D:7)
  2 wraiths (D:7)
  A water moccasin (D:7)
  2 ice beasts
  An ogre (D:4)
  A phantom (D:4)
  A bullfrog (D:6)
  2 necrophages (D:5)
  A scorpion (D:6)
  2 gnoll boudas (D:6)
  5 orc priests
  2 hounds (D:6)
  2 iguanas
  Natasha (thrice) (D:3)
  6 orc wizards
  6 adders
  14 gnolls
  2 white imps (D:7)
  2 ufetubi
  A worm (D:2)
  A dart slug (D:4)
  27 orcs
  2 bats
  6 endoplasms
  3 giant cockroaches
  5 goblins
  5 hobgoblins
  4 quokkas
  5 ball pythons
  2 frilled lizards
  2 kobolds
  3 rats
122 creatures vanquished.

Vanquished Creatures (collateral kills)
  12 foxfires (D:2)
12 creatures vanquished.

Vanquished Creatures (others)
  517 foxfires
  8 plants (D:2)
525 creatures vanquished.

Grand Total: 659 creatures vanquished

Notes
Turn   | Place    | Note
-------+----------+-------------------------------------------
     0 | D:1      | Flugkiller the Ogre Fire Elementalist began the quest for
                  | the Orb.
     0 | D:1      | Reached XP level 1. HP: 16/16 MP: 3/3
   131 | D:1      | Reached skill level 1 in Conjurations
   214 | D:1      | Reached XP level 2. HP: 24/24 MP: 0/5
   685 | D:1      | Found Fomocs's Magic Scroll Boutique.
  1197 | D:2      | Reached XP level 3. HP: 32/32 MP: 1/7
  1439 | D:2      | Found a faded altar of an unknown god.
  1480 | D:2      | Reached skill level 1 in Fighting
  1987 | D:3      | Noticed Natasha
  1994 | D:3      | Killed Natasha
  1995 | D:3      | Reached skill level 3 in Spellcasting
  1995 | D:3      | Reached XP level 4. HP: 35/41 MP: 1/8
  2075 | D:3      | Noticed Natasha
  2085 | D:3      | Killed Natasha
  2386 | D:3      | Found Veesug's Book Shop.
  2453 | D:3      | Learned a level 2 spell: Scorch
  2656 | D:3      | Noticed Natasha
  2661 | D:3      | Killed Natasha
  2662 | D:3      | Reached XP level 5. HP: 34/49 MP: 2/10
  2874 | D:4      | Noticed a phantom
  3277 | D:4      | Found a staircase to the Ecumenical Temple.
  3284 | Temple   | Entered the Ecumenical Temple
  3447 | Temple   | Became a worshipper of Vehumet
  3516 | D:4      | Noticed an ogre
  3751 | D:4      | Found a shimmering blue altar of Sif Muna.
  3794 | D:4      | Killed a phantom
  3795 | D:4      | Reached skill level 4 in Spellcasting
  3795 | D:4      | Reached XP level 6. HP: 43/61 MP: 2/12
  4297 | D:5      | Entered Level 5 of the Dungeon
  4488 | D:5      | Reached XP level 7. HP: 64/70 MP: 6/13
  4638 | D:5      | Found a sparkling altar of Nemelex Xobeh.
  4644 | D:5      | Found a white marble altar of Elyvilon.
  4707 | D:4      | Reached * piety under Vehumet
  4707 | D:4      | Offered knowledge of Kiss of Death by Vehumet.
  5188 | D:5      | Reached skill level 5 in Spellcasting
  5205 | D:5      | Found a shimmering altar of Xom.
  5480 | D:6      | Found a runed translucent door.
  5749 | D:6      | Reached skill level 5 in Fire Magic
  5749 | D:6      | Reached XP level 8. HP: 67/78 MP: 10/16
  5811 | D:6      | Found Zin's Purification Station.
  5818 | D:6      | Found a glowing silver altar of Zin.
  6292 | D:6      | Reached skill level 6 in Spellcasting
  6463 | D:6      | Offered knowledge of Freeze by Vehumet.
  7122 | D:6      | Noticed ma3's ghost (novice GnTm)
  7146 | D:7      | Noticed a hornet
  7155 | D:7      | Killed a hornet
  7156 | D:7      | Reached skill level 5 in Conjurations
  7165 | D:7      | Reached ** piety under Vehumet
  7493 | D:7      | Noticed a wraith
  7504 | D:7      | Noticed a wraith
  7504 | D:7      | Noticed a wraith
  7758 | D:7      | Reached skill level 7 in Spellcasting
  7758 | D:7      | Reached XP level 9. HP: 84/84 MP: 13/19
  7905 | D:7      | Found the +5 scythe "Finisher" {speed, eviscerate}
  7909 | D:7      | Noticed a skeletal warrior
  8084 | D:7      | Slain by a skeletal warrior

Illustrated notes

Levels and vault maps discovered:
D:1:      scummos_arrival_simple_crosswalls, layout_basic, serial_shops,
          nicolae_shop_crystal
D:2:      layout_loops_ring, serial_bayou, serial_bayou_pond_e,
          serial_bayou_crossing, serial_bayou_lagoon_a, serial_bayou_ford_a,
          shapermc_ecumenical_altar_mp_ritualfount
D:3:      layout_loops_cross, serial_shops, nicolae_shop_advertising_works
          [nicolae_subvault_shop_adworks], uniq_natasha
D:4:      layout_loops_ring, nicolae_overflow_crystal_walls, temple_statues
D:5:      layout_basic, overflow_temple_1_default, grunt_temple_overflow_open
D:6:      layout_basic, zin_purify, ebering_ghost_sewer_d
D:7:      dreamdust_elfheim, layout_loops_ring, hangedman_abyss_or_decor_passed,
          minmay_guarded_unrand_finisher
Temple:   regret_index_temple_sphere_string

Skill      XL: |  1  2  3  4  5  6  7  8  9 |
---------------+----------------------------+-----
Conjurations   | 1 2 3 4 5 6 |  6.0
Dodging        | 2 |  2.0
Fire Magic     | 3 4 5 6 |  6.5
Fighting       | 1 2 3 4 |  4.0
Spellcasting   | 3 4 5 7 |  7.4
Stealth        | |  1.6

Action                     |  1- 3 |  4- 6 |  7- 9 || total
---------------------------+-------+-------+-------++-------
  Melee: Unarmed           |     5 |       |       ||     5
   Fire: Sling             |    10 |    13 |    13 ||    36
   Cast: Foxfire           |    59 |   110 |   148 ||   317
         Scorch            |       |     6 |    53 ||    59
  Evoke: Wand              |       |       |     1 ||     1
    Use: Scroll            |       |     6 |     4 ||    10
         Potion            |       |       |     3 ||     3
 Armour: Robe              |    11 |    10 |    16 ||    37
  Dodge: Dodged            |     9 |    27 |    39 ||    75

Table legend: (Time is in decaauts)
 A = Elapsed time spent in this place.
 B = Non-inter-level travel time spent in this place.
 C = Inter-level travel time spent in this place.
 D = Time resting spent in this place.
 E = Time spent auto-exploring this place.
 F = Levels seen in this place.
 G = Mean time per level.
                   A        B        C        D        E       F      G
               +--------+--------+--------+--------+--------+-----+--------+
         Total |   8092 |   7734 |    358 |   1852 |   4685 |   8 | 1011.5 |
       Dungeon |   7915 |   7597 |    318 |   1852 |   4565 |   7 | 1130.7 |
        Temple |    176 |    136 |     40 |      0 |    120 |   1 |  176.0 |
               +--------+--------+--------+--------+--------+-----+--------+

Top non-repeatable levels by time:
     D:6: 1466 daAuts
     D:5: 1244 daAuts
     D:1: 1142 daAuts
     D:4: 1139 daAuts
     D:3: 1092 daAuts
     D:7: 954 daAuts
     D:2: 875 daAuts
  Temple: 176 daAuts
